 Dungeon Crawl Stone Soup version 0.30-a0-718-geaa24f58ff (webtiles) character file.

Game seed: 106799539387615801

158 avis the Shooter (level 4, -5/33 (38) HPs)
             Began as a Demigod Hunter on Jan 26, 2023.
             Killed from afar by an orc wizard (9 damage)
             ... with a magic dart
             ... on level 3 of the Dungeon.
             The game lasted 00:13:31 (2707 turns).

avis the Shooter (Demigod Hunter)                   Turns: 2707, Time: 00:13:32

HP:   -5/33 (38)    AC:  3    Str: 12    XL:     4   Next: 94%
MP:   6/6           EV: 12    Int: 11    God:
Gold: 126           SH:  0    Dex: 21    Spells: 3/3 levels left

rFire   . . .      SeeInvis .    a - +0 shortbow
rCold   . . .      Faith    .    (shield currently unavailable)
rNeg    . . .      Spirit   .    c - +0 leather armour
rPois   .          Reflect  .    (no helmet)
rElec   .          Harm     .    (no cloak)
rCorr   .          Rampage  .    (no gloves)
Will    .....                    (no boots)
Stlth   +                        (no amulet)
HPRegen 0.25/turn                (no ring)
MPRegen 0.10/turn                (no ring)

@: confused, heavily drained
A: high MP 1, forlorn, divine attributes, deterioration 1, wild magic 1
a: no special abilities


You were on level 3 of the Dungeon.
You visited 1 branch of the dungeon, and saw 4 of its levels.

You collected 126 gold pieces.

Inventory:

Hand Weapons
 a - a +0 shortbow (weapon)
 p - a +0 falchion
Missiles
 o - 7 poisoned darts
Armour
 c - a +0 leather armour (worn)
Jewellery
 l - a ring of protection from fire
Scrolls
 b - 2 scrolls of immolation
 d - 3 scrolls of teleportation {unknown}
 e - 2 scrolls of noise {unknown}
 i - 3 scrolls of identify {unknown}
 n - a scroll of amnesia {unknown}
Potions
 f - a potion of curing {unknown}
 g - a potion of mutation
 h - a potion of attraction {unknown}
 j - a potion of ambrosia {unknown}
 k - a potion of might {unknown}
 m - a potion of heal wounds {unknown}


   Skills:
 - Level 3.0 Fighting
 * Level 5.0 Ranged Weapons
 - Level 2.0 Dodging
 - Level 2.0 Stealth


You had 3 spell levels left.
You didn't know any spells.
Your spell library contained the following spells:

 Spells                   Type           Power      Damage    Failure   Level
 Blink                    Tloc           0%         N/A       65%         2
 Ignite Poison            Fire/Tmut/Pois 0%         N/A       86%         3
 Kindle Blastsparks       Fire/Tloc/Air  0%         2d10      86%         3
 Manifold Assault         Tloc           0%         N/A       99%         4
 Freezing Cloud           Conj/Ice/Air   0%         6-21      100%        5
 Storm Form               Tmut/Air       0%         N/A       100%        7


Dungeon Overview and Level Annotations

Branches:
Dungeon (4/15)
 Temple: D:4-7

Shops:
D:1 *   D:3 [


Innate Abilities, Weirdness & Mutations

You have an increased reservoir of magic. (+10% MP)
You shall have no god before yourself.
Your divine heritage dramatically boosts your attributes as you level up.
Your body sometimes deteriorates upon taking damage.
Your spells are a little harder to cast, but a little more powerful.


Message History

The magic dart hits you.
Fire: a) +0 shortbow
Press: ? - help, Q - select action, (/) - cycle Shift-Dir - straight line, f/p - orc wizard
Aim: an orc wizard, wielding a +0 dagger and wearing a +0 robe (moderately wounded, 59% to hit)
You shoot an arrow. The arrow hits the orc wizard!
The orc wizard is almost dead.
The orc wizard casts a spell.
The orc wizard flickers and vanishes!
Deactivating autopickup; reactivate with Ctrl-A.
Fire: a) +0 shortbow
Press: ? - help, Q - select action, (/) - cycle Shift-Dir - straight line, f - you Really target yourself?
Okay, then.
Fire: a) +0 shortbow
Press: ? - help, Q - select action, (/) - cycle Shift-Dir - straight line You shoot an arrow.
Something hits you. x2
* * * LOW HITPOINT WARNING * * *
Fire: a) +0 shortbow
Press: ? - help, Q - select action, (/) - cycle Shift-Dir - straight line You shoot an arrow.
Something hits you.
* * * LOW HITPOINT WARNING * * *
Fire: a) +0 shortbow
Press: ? - help, Q - select action, (/) - cycle Shift-Dir - straight line You shoot an arrow.
Something hits you.
* * * LOW HITPOINT WARNING * * *
Fire: a) +0 shortbow
Press: ? - help, Q - select action, (/) - cycle Shift-Dir - straight line You shoot an arrow.
You hear some strange, mumbled words.
You are confused.
Something barely misses you.
It was a potion of mutation.
You feel extremely strange.
You feel less in control of your magic.
You feel yourself wasting away.
You hear some strange, mumbled words.
A magic dart appears from out of thin air!
The magic dart hits you!
You die...

#.####.##### #.##.##.# #
#.##.......# #.......####
###.#.....##.#
######........
#......#..##.###
#.......###...
#.#.##.#.......# #.#####.#
#...
#.#.......##.#.###.#####.#
#...
#.####.##.#...........##.#
#... #.#
#.......#{###.##.##.# #...
#.# ####.#.##@###.##.##.#
#... #.#
#..................###)..
##.##
#.....#####..............
#.#.# #.....#
#.##...<....... ##.##
#.....# #.##...........
#.# #.....#
#.#..#..####... #.##
####### #.#.##..####...
#..# #.......##..... ##.#
#......###.#^..


There were no monsters in sight!

Vanquished Creatures
  4 gnolls (D:2)
  4 adders
  2 worms (D:2)
  A dart slug (D:1)
  2 orcs (D:3)
  3 ball pythons
  9 endoplasms
  3 giant cockroaches (D:1)
  4 hobgoblins
  6 jackals (D:1)
  7 kobolds
  4 quokkas
  5 bats
  2 frilled lizards
  8 goblins
  8 rats
72 creatures vanquished.

Vanquished Creatures (others)
  2 plants (D:1)
2 creatures vanquished.

Grand Total: 74 creatures vanquished

Notes
Turn   | Place    | Note
-------+----------+-------------------------------------------
     0 | D:1      | avis the Demigod Hunter began the quest for the Orb.
     0 | D:1      | Reached XP level 1. HP: 17/17 MP: 3/3
    86 | D:1      | Found Isit's Assorted Antiques.
   106 | D:1      | Reached skill level 4 in Ranged Weapons
   184 | D:1      | Reached XP level 2. HP: 24/24 MP: 4/4
   256 | D:1      | Reached skill level 1 in Stealth
   810 | D:2      | Reached XP level 3. HP: 29/29 MP: 5/5
  1069 | D:2      | Reached XP level 4. HP: 22/38 MP: 6/6
  2272 | D:3      | Found Zyre's Armour Emporium.
  2699 | D:3      | Reached skill level 5 in Ranged Weapons
  2707 | D:3      | Gained mutation: Your spells are a little harder to cast,
                  | but a little more powerful. [potion of mutation]
  2707 | D:3      | Gained mutation: Your body sometimes deteriorates upon
                  | taking damage. [potion of mutation]
  2707 | D:3      | Killed from afar by an orc wizard

Illustrated notes

Levels and vault maps discovered:
D:1:      minmay_arrival_plants_in_alcoves, layout_loops_ring, serial_forest,
          infiniplex_forest_zigzag_1, infiniplex_forest_lined_corner,
          infiniplex_forest_lined_2, infiniplex_forest_clump_double,
          infiniplex_forest_lined_corner, infiniplex_forest_corner_1,
          serial_shops, shop, minmay_strange_pillars,
          ebering_dispersal_statue_hall
D:2:      layout_basic, corner_web_ring, minmay_misc_feat_five
D:3:      layout_loops_cross, serial_shops, shop_statue
D:4:      nicolae_BIG_FREAKIN_CUBE, layout_basic, serial_shops,
          kennysheep_little_box

Skill      XL: |  1  2  3  4 |
---------------+-------------+-----
Ranged Weapons | 4 5 |  5.0
Fighting       | 2 3 |  3.0
Dodging        | 2 |  2.0
Stealth        | 2 |  2.0

Action                     |  1- 3 |  4- 6 || total
---------------------------+-------+-------++-------
   Fire: Shortbow          |   105 |    94 ||   199
    Use: Potion            |       |     1 ||     1
 Armour: Leather armour    |     9 |    16 ||    25
  Dodge: Dodged            |    35 |    29 ||    64

Table legend: (Time is in decaauts)
 A = Elapsed time spent in this place.
 B = Non-inter-level travel time spent in this place.
 C = Inter-level travel time spent in this place.
 D = Time resting spent in this place.
 E = Time spent auto-exploring this place.
 F = Levels seen in this place.
 G = Mean time per level.
                   A        B        C        D        E       F      G
               +--------+--------+--------+--------+--------+-----+--------+
         Total |   2776 |   2451 |    325 |    157 |   1698 |   4 |  694.0 |
       Dungeon |   2776 |   2451 |    325 |    157 |   1698 |   4 |  694.0 |
               +--------+--------+--------+--------+--------+-----+--------+

Top non-repeatable levels by time:
     D:2: 1159 daAuts
     D:1: 890 daAuts
     D:3: 708 daAuts
     D:4: 18 daAuts
